 Dungeon Crawl Stone Soup version 0.31.0-32-g396128a36d (webtiles) character file.

Game seed: 3027809451620699858

16 Peloso the Shield-Bearer (level 2, 27/27 HPs)
             Began as a Minotaur Fighter on Apr 14, 2024.
             Got out of the dungeon alive.
             The game lasted 00:01:34 (449 turns).

Peloso the Shield-Bearer (Minotaur Fighter)          Turns: 449, Time: 00:01:35

Health: 27/27      AC:  9    Str: 20    XL:     2   Next: 37%
Magic:  1/1        EV:  7    Int:  5    God:
Gold:   30         SH:  4    Dex:  9    Spells: 1/1 levels left

rFire   x . .        a - +0 long sword
rCold   . . .        d - +0 buckler
rNeg    . . .        c - +0 chain mail
rPois   .            (helmet restricted)
rElec   .            (no cloak)
rCorr   .            (no gloves)
SInv    .            (no boots)
Will    .....        (no amulet) Stlth
                     (no ring)
HPRegen 0.24/turn    (no ring)
MPRegen 0.07/turn

%: no passive effects
@: no status effects
A: horns 2, retaliatory headbutt, heat vulnerability 1
a: no special abilities


You escaped.
You visited 1 branch of the dungeon, and saw 1 of its levels.

You collected 30 gold pieces.

Inventory:

Hand Weapons
 a - a +0 long sword (weapon)
Armour
 b - a +0 scale mail
 c - a +0 chain mail (worn)
 d - a +0 buckler (worn)
Scrolls
 f - a scroll of summoning {unknown}
Potions
 g - a potion of might
 h - a potion of curing {unknown}


   Skills:
 + Level 3.9 Fighting
 + Level 2.7 Long Blades
 + Level 3.9 Armour
 + Level 3.9 Shields


You had one spell level left.
You didn't know any spells.
Your spell library contained the following spells:

 Spells                   Type           Power      Damage    Failure   Level
 Tukima's Dance           Hex            0%         N/A       100%        3
 Dimensional Bullseye     Hex/Tloc       0%         N/A       100%        4
 Iskenderun's Mystic Bla  Conj/Tloc      0%         2d3       100%        4


Dungeon Overview and Level Annotations

Branches:
Dungeon (1/15)

Altars:


Innate Abilities, Weirdness & Mutations

You have a pair of horns on your head.
You reflexively headbutt those who attack you in melee.
You are vulnerable to heat. (rF-)


Message History

A bat is nearby!
An endoplasm comes into view.
Found a robe and a chain mail.
The endoplasm quivers.
The endoplasm moves out of view.
There is an open door here.
You closely miss the bat. Your headbutt misses the bat.
The bat barely misses you.
You closely miss the bat. The bat closely misses you.
You miss the bat. You block the bat's attack. You block the endoplasm's attack.
You barely miss the bat. Your headbutt misses the bat.
You block the bat's attack. The endoplasm freezes you.
You are frozen.
The endoplasm hits you but does no damage.
Found an amethyst potion.
You block the bat's attack. The endoplasm barely misses you.
You furiously retaliate!
You headbutt the endoplasm!
You kill the endoplasm!
The bat hits you but does no damage. You block the bat's attack.
The bat attacks as it pursues you! The bat hits you but does no damage. x2
You barely miss the bat. The bat closely misses you. You furiously retaliate!
You headbutt the bat!
You kill the bat!
You see here a bat corpse.
Okay, then.
h - an amethyst potion It was a potion of mutation.
You feel extremely strange.
You feel vulnerable to heat.
What level of the Dungeon? (default 1, ? - help) HP restored.
You see here a bat corpse.
There is an open door here.
You open the door.
There is an open door here.
You see here a frilled lizard skeleton.
There is a dry fountain here.
There is a dry fountain here.
There is a staircase leading out of the dungeon here.
You have escaped!

.....###.....# .###
.....# #.....# .# ##
.....# #.##'####..#
.....# #.##......#
..... #..#..########
.#######..).........##
.# #.....##>.######..##
.#
#.######.###.>.##..####
.# #.# #.##..@..##....#
.###)# ###.......####.#
.##..#
##..⌠...⌠..###.##
..#.##
##...........##..###
....#
##.⌠....⌠....⌠.##...#
....#
##...............###.##
..###
#..⌠...⌠...⌠...⌠..##..#
..#
...................##.#
..#
.....⌠.......⌠......#.#


There were no monsters in sight!

Vanquished Creatures
  3 ball pythons (D:1)
  An endoplasm (D:1)
  2 goblins (D:1)
  A hobgoblin (D:1)
  3 bats (D:1)
  2 frilled lizards (D:1)
  2 kobolds (D:1)
  A rat (D:1)
15 creatures vanquished.

Notes
Turn   | Place    | Note
-------+----------+-------------------------------------------
     0 | D:1      | Peloso the Minotaur Fighter began the quest for the Orb.
     0 | D:1      | Reached XP level 1. HP: 19/19 MP: 0/0
   160 | D:1      | Reached XP level 2. HP: 27/27 MP: 1/1
   367 | D:1      | Gained mutation: You are vulnerable to heat. (rF-) [potion
                  | of mutation]
   449 | D:$      | Got out of the dungeon alive.

Illustrated notes

Levels and vault maps discovered:
D:1:      dpeg_arrival_lava_temple_mockup, layout_basic, kennysheep_boxes

Action                     || total
---------------------------++-------
  Melee: Long sword        ||    27
         Headbutt          ||     2
    Use: Potion            ||     1
 Armour: Scale mail        ||    17
         Chain mail        ||     4
  Dodge: Dodged            ||    14
  Block: Buckler           ||    11
